 Dungeon Crawl Stone Soup version 0.26-a0-1164-g1a551d6a14 (webtiles) character file.

Game seed: 2313094252431876514

21 vvl the Magician (level 2, -10/19 HPs)
             Began as a Demonspawn Hedge Wizard on Dec 23, 2020.
             Killed by nerve-wracking pain
             ... invoked by Jessica
              (13 damage)
             ... on level 2 of the Dungeon.
             The game lasted 00:03:01 (1676 turns).

vvl the Magician (Demonspawn Hedge Wizard)          Turns: 1676, Time: 00:03:03

Health: -10/19     AC:  2    Str: 10    XL:     2   Next: 65%
Magic:  6/6        EV: 12    Int: 15    God:
Gold:   55         SH:  0    Dex: 12    Spells: 6/7 levels left

rFire    . . .     SeeInvis .   h - +0 whip
rCold    . . .     Faith    .   (no shield)
rNeg     . . .     Spirit   .   b - +0 robe
rPois    .         Reflect  .   c - +0 hat
rElec    .         Harm     .   (no cloak)
rCorr    .         Rampage  .   (no gloves)
Will     .....                  (no boots)
Stlth    ++........             (no amulet)
HPRegen  0.06/turn              (no ring)
MPRegen  0.10/turn              (no ring)

@: no status effects
A: spiny 1
a: no special abilities


You were on level 2 of the Dungeon.
You visited 1 branch of the dungeon, and saw 2 of its levels.

You collected 55 gold pieces.

Inventory:

Hand Weapons
 h - a +0 whip (weapon)
Armour
 b - a +0 robe (worn)
 c - a +0 hat (worn)
Jewellery
 f - a cursed ring of attention {unknown}
Scrolls
 d - a scroll of remove curse {unknown}
 e - a scroll of teleportation {unknown}
 g - a scroll of identify {unknown}
 i - a scroll of blinking {unknown}
 j - a scroll of fog {unknown}
Potions
 k - a potion of degeneration {unknown}


   Skills:
 * Level 1.0 Maces & Flails
 + Level 0.5 Armour
 - Level 1.7 Dodging
 - Level 2.0 Stealth
 - Level 3.0 Spellcasting
 - Level 1.0 Conjurations
 - Level 1.0 Summonings
 * Level 1.2 Necromancy
 + Level 1.2 Translocations


You had 6 spell levels left.
You knew the following spells:

 Your Spells              Type           Power        Failure   Level
a - Magic Dart            Conj           20%          13%         1

Your spell library contained the following spells:

 Spells                   Type           Power        Failure   Level
 Blink                    Tloc           N/A          19%         2
 Call Imp                 Summ           5%           21%         2
 Slow                     Hex            2%           30%         2
 Conjure Flame            Conj/Fire      3%           43%         3
 Mephitic Cloud           Conj/Pois/Air  3%           45%         3


Dungeon Overview and Level Annotations

Branches:
Dungeon (2/15)

Altars:

Annotations:
D:2 Jessica


Innate Abilities, Weirdness & Mutations

You are partially covered in sharp spines.


Message History

Jessica points at you and mumbles some strange words.
You resist with some effort.
You hit Jessica but do no damage.
Jessica is moderately wounded.
Jessica mumbles some strange words.
Jessica blinks!
You closely miss Jessica.
Jessica is lightly wounded.
Jessica gestures at you while chanting. You resist with some effort.
Jessica hits you but does no damage.
You barely miss Jessica.
Jessica is lightly wounded.
Jessica hits you but does no damage.
You barely miss Jessica.
Jessica is lightly wounded.
Jessica closely misses you. Jessica gestures at you while chanting.
Pain shoots through your body!
Ouch! That really hurt!
You die...

##<## #...#
#### #.⌠.# ##
##...##...# ...
#<.⌠..##.##..⌠.
#...(##.##....
## #.(...#
#>.###.⌠.##
#..@@....#
#..##...## .[..
##### .... ###


You could see Jessica (fast).

Vanquished Creatures
  An ooze (D:2)
  2 giant cockroaches (D:1)
  A hobgoblin (D:1)
  2 jackals (D:1)
  4 bats (D:1)
  2 kobolds
  6 rats (D:1)
18 creatures vanquished.

Notes
Turn   | Place    | Note
-------+----------+-------------------------------------------
     0 | D:1      | vvl the Demonspawn Hedge Wizard began the quest for the
                  | Orb.
     0 | D:1      | Reached XP level 1. HP: 13/13 MP: 4/4
   326 | D:1      | Reached skill level 1 in Translocations
   387 | D:1      | Gained mutation: You are partially covered in sharp spines.
                  | [demonic ancestry]
   387 | D:1      | Reached XP level 2. HP: 6/19 MP: 6/6
   673 | D:1      | Reached skill level 1 in Necromancy
  1465 | D:2      | Reached skill level 1 in Maces & Flails
  1663 | D:2      | Noticed Jessica
  1676 | D:2      | Killed from afar by Jessica

Illustrated notes

Levels and vault maps discovered:
D:1:      grunt_arrival_lava_bath, layout_basic, minmay_hexomino_c4
D:2:      layout_loops_ring, grunt_temple_overflow_diamond, tgw_xom,
          overflow_temple_1_default, bloody_makhleb, grunt_ministairs_4,
          chequers_serial_rivers_marsh, uniq_jessica, uniq_natasha, uniq_robin

Skill      XL: |  1  2 |
---------------+-------+-----
Translocations | 1 |  1.2
Necromancy     | 1 |  1.2
Maces & Flails | 1 |  1.0
Stealth        | 2 |  2.0
Armour         | |  0.5
Dodging        | |  1.7
Spellcasting   | |  3.0
Conjurations   | |  1.0
Summonings     | |  1.0

Action                   || total
-------------------------++-------
Melee: Dagger            ||    70
       Whip              ||    24
 Stab: Sleeping          ||     2
Armor: Robe              ||    23
Dodge: Dodged            ||    54

Table legend: (Time is in decaauts)
 A = Elapsed time spent in this place.
 B = Non-inter-level travel time spent in this place.
 C = Inter-level travel time spent in this place.
 D = Time resting spent in this place.
 E = Time spent auto-exploring this place.
 F = Levels seen in this place.
 G = Mean time per level.
                   A        B        C        D        E       F      G
               +--------+--------+--------+--------+--------+-----+--------+
         Total |   1677 |   1652 |     25 |      0 |   1488 |   2 |  838.5 |
       Dungeon |   1677 |   1652 |     25 |      0 |   1488 |   2 |  838.5 |
               +--------+--------+--------+--------+--------+-----+--------+

Top non-repeatable levels by time:
     D:1: 1457 daAuts
     D:2: 220 daAuts
